| TOP OF THE 1ST |
|
Greenville Drive batting - Pitching for Bowling Green Hot Rods : RHP David Zupon
|
|
Pitching: RHP David Zupon
|
|
|
Batting: LHB Stanislav Parusov
|
0-0: Called Strike 0-1: Ball 1-1: Ball 2-1: Ball 3-1: Base on Balls
|
|
Batting: RHB Larry Brocato
|
0-0: Ball Stanislav Parusov steals 2nd base 1-0: Ball 2-0: SINGLE (Line Drive, 89S, EV 95.6 MPH) Stanislav Parusov to third
|
|
Batting: SHB Carter Cromsie
|
0-0: Called Strike 0-1: Ball 1-1: Foul Ball, location: 2F 1-2: Foul Ball, location: 2F 1-2: Ball 2-2: Foul Ball, location: 2F 2-2: DOUBLE (Groundball, 5L, EV 102.5 MPH) Stanislav Parusov scores Larry Brocato to third Runner from 3rd tries for Home, throw by LF and OUT! 7-6-2
|
|
Batting: LHB Nelis Geurts
|
0-0: Called Strike 0-1: Foul Ball, location: 2F 0-2: Hit by Pitch
|
|
Batting: RHB David Norum
|
0-0: Swinging Strike 0-1: SINGLE (Groundball, 56D, EV 96.2 MPH) Carter Cromsie to third Nelis Geurts to second
|
|
Batting: SHB Greg Shaw
|
0-0: Called Strike 0-1: Ball 1-1: Called Strike 1-2: Foul Ball, location: 2F 1-2: Foul Ball, location: 2F 1-2: Ball 2-2: Foul Ball, location: 2F 2-2: Ball 3-2: Foul Ball, location: 2F 3-2: Base on Balls Carter Cromsie scores Nelis Geurts to third David Norum to second
|
|
Batting: RHB Joel Vazquez
|
0-0: Called Strike 0-1: Swinging Strike 0-2: Foul Ball, location: 2F 0-2: Foul Ball, location: 2F 0-2: Ball 1-2: Strikes out swinging
|
|
Batting: RHB Ted Emmerich
|
0-0: Fly out, F8 (Flyball, 78D, EV 100.0 MPH)
|
| Top of the 1st over - 2 runs, 3 hits, 0 errors, 3 left on base; Greenville 2 - Bowling Green 0 |
| BOTTOM OF THE 1ST |
|
Bowling Green Hot Rods batting - Pitching for Greenville Drive : LHP Chris Deans
|
|
Pitching: LHP Chris Deans
|
|
|
Batting: RHB James Huddleston
|
0-0: Ground out 4-3 (Groundball, 4, EV 93.8 MPH)
|
|
Batting: RHB Jose Arriola
|
0-0: SINGLE (Groundball, 6MD, EV 107.5 MPH)
|
|
Batting: RHB Adam Kaeser
|
0-0: Ball 1-0: Called Strike 1-1: SINGLE (Line Drive, 6MD, EV 94.4 MPH) Jose Arriola to second
|
|
Batting: RHB Chris Thorson
|
0-0: Called Strike 0-1: Ball 1-1: Ball 2-1: Foul Ball, location: 2F 2-2: Grounds into double play, 6-4-3 (Groundball, 56, EV 90.6 MPH)
|
| Bottom of the 1st over - 0 runs, 2 hits, 0 errors, 1 left on base; Greenville 2 - Bowling Green 0 |
| TOP OF THE 2ND |
|
Greenville Drive batting - Pitching for Bowling Green Hot Rods : RHP David Zupon
|
|
Batting: RHB Rogelio Cervantes
|
0-0: Foul Ball, location: 2F 0-1: Foul Ball, location: 2F 0-2: Ball 1-2: Strikes out swinging
|
|
Batting: LHB Stanislav Parusov
|
0-0: Foul Ball, location: 2F 0-1: Ball 1-1: Foul Ball, location: 2F 1-2: Ball 2-2: Hit by Pitch
|
|
Batting: RHB Larry Brocato
|
0-0: Ball Stanislav Parusov is caught stealing 2nd base 2-4 1-0: Foul Ball, location: 2F 1-1: Ball 2-1: Foul Ball, location: 2F 2-2: Ball 3-2: Base on Balls
|
|
Batting: SHB Carter Cromsie
|
0-0: Ball 1-0: Ball 2-0: Foul Ball, location: 2F 2-1: Ball 3-1: Base on Balls Larry Brocato to second
|
|
Batting: LHB Nelis Geurts
|
0-0: Foul Ball, location: 2F 0-1: Fly out, F8 (Flyball, 8RD, EV 89.4 MPH)
|
| Top of the 2nd over - 0 runs, 0 hits, 0 errors, 2 left on base; Greenville 2 - Bowling Green 0 |
| BOTTOM OF THE 2ND |
|
Bowling Green Hot Rods batting - Pitching for Greenville Drive : LHP Chris Deans
|
|
Batting: LHB Darryl Gonnella
|
0-0: Called Strike 0-1: Ground out 5-3 (Groundball, 56, EV 83.1 MPH)
|
|
Batting: RHB Eric Waugaman
|
0-0: Called Strike 0-1: Ball 1-1: Ball 2-1: SINGLE (Line Drive, 56D, EV 100.6 MPH)
|
|
Batting: LHB Harris Vink
|
0-0: Ball 1-0: Ball 2-0: Called Strike 2-1: Ball 3-1: Base on Balls Eric Waugaman to second
|
|
Batting: RHB Dusty Camelli
|
0-0: Grounds into double play, 4-6-3 (Groundball, 34, EV 85.0 MPH)
|
| Bottom of the 2nd over - 0 runs, 1 hit, 0 errors, 1 left on base; Greenville 2 - Bowling Green 0 |
| TOP OF THE 3RD |
|
Greenville Drive batting - Pitching for Bowling Green Hot Rods : RHP David Zupon
|
|
Batting: RHB David Norum
|
0-0: Called Strike 0-1: Ball 1-1: Called Strike 1-2: Ball 2-2: Ball 3-2: SOLO HOME RUN (Flyball, 7D, EV 94.4 MPH), Distance : 366 ft
|
|
Batting: SHB Greg Shaw
|
0-0: Called Strike 0-1: Ball 1-1: Called Strike 1-2: Strikes out looking
|
|
Batting: RHB Joel Vazquez
|
0-0: Ball 1-0: Swinging Strike 1-1: Ball 2-1: Foul Ball, location: 2F 2-2: Ball 3-2: Base on Balls
|
|
Batting: RHB Ted Emmerich
|
0-0: Ball 1-0: Called Strike 1-1: Foul Ball, location: 2F 1-2: Hit by Pitch Joel Vazquez to second
|
|
Batting: RHB Rogelio Cervantes
|
0-0: Ball 1-0: Ball 2-0: Called Strike 2-1: Foul Ball, location: 2F 2-2: Strikes out swinging
|
|
Batting: LHB Stanislav Parusov
|
0-0: Ball 1-0: Ball 2-0: Foul Ball, location: 2F 2-1: Ball 3-1: Swinging Strike 3-2: Foul Ball, location: 2F 3-2: Fly out, F9 (Flyball, 89S, EV 80.0 MPH)
|
| Top of the 3rd over - 1 run, 1 hit, 0 errors, 2 left on base; Greenville 3 - Bowling Green 0 |
| BOTTOM OF THE 3RD |
|
Bowling Green Hot Rods batting - Pitching for Greenville Drive : LHP Chris Deans
|
|
Batting: LHB Jeremy Burton
|
0-0: Ball 1-0: Called Strike 1-1: Ground out 4-3 (Groundball, 4, EV 91.9 MPH)
|
|
Batting: RHB James Huddleston
|
0-0: Ball 1-0: Swinging Strike 1-1: Ball 2-1: Foul Ball, location: 2F 2-2: Ground out U3 (Groundball, 3L, EV 102.5 MPH)
|
|
Batting: RHB Jose Arriola
|
0-0: Foul Ball, location: 2F 0-1: Ball 1-1: Called Strike 1-2: Foul Ball, location: 2F 1-2: Strikes out looking
|
| Bottom of the 3rd over - 0 runs, 0 hits, 0 errors, 0 left on base; Greenville 3 - Bowling Green 0 |
| TOP OF THE 4TH |
|
Greenville Drive batting - Pitching for Bowling Green Hot Rods : RHP David Zupon
|
|
Batting: RHB Larry Brocato
|
0-0: Foul Ball, location: 2F 0-1: Called Strike 0-2: Fly out, F4 (Line Drive, 4, EV 67.5 MPH)
|
|
Batting: SHB Carter Cromsie
|
0-0: Ball 1-0: Ball 2-0: Ball 3-0: Called Strike 3-1: Base on Balls
|
|
Batting: LHB Nelis Geurts
|
0-0: Called Strike 0-1: Ball 1-1: Ball Carter Cromsie steals 2nd, throwing error, E2 Carter Cromsie to third 2-1: Fly out, F7 (Flyball, 7LD, EV 98.1 MPH) Runner from 3rd tags up, SCORES, no throw by LF
|
|
Batting: RHB David Norum
|
0-0: Ground out 4-3 (Groundball, 34, EV 80.6 MPH)
|
| Top of the 4th over - 1 run, 0 hits, 1 error, 0 left on base; Greenville 4 - Bowling Green 0 |
| BOTTOM OF THE 4TH |
|
Bowling Green Hot Rods batting - Pitching for Greenville Drive : LHP Chris Deans
|
|
Batting: RHB Adam Kaeser
|
0-0: Ball 1-0: Foul Ball, location: 2F 1-1: Fly out, F4 (Popup, 23, EV 92.5 MPH)
|
|
Batting: RHB Chris Thorson
|
0-0: Called Strike 0-1: Swinging Strike 0-2: Foul Ball, location: 2F 0-2: Strikes out swinging
|
|
Batting: LHB Darryl Gonnella
|
0-0: Foul Ball, location: 2F 0-1: Ball 1-1: Swinging Strike 1-2: Foul Ball, location: 2F 1-2: Ball 2-2: Strikes out swinging
|
| Bottom of the 4th over - 0 runs, 0 hits, 0 errors, 0 left on base; Greenville 4 - Bowling Green 0 |
| TOP OF THE 5TH |
|
Greenville Drive batting - Pitching for Bowling Green Hot Rods : RHP David Zupon
|
|
Pitching: RHP Kingo Tsutsumi
|
|
|
Batting: SHB Greg Shaw
|
0-0: Foul Ball, location: 2F 0-1: SOLO HOME RUN (Flyball, 7D, EV 94.4 MPH), Distance : 372 ft
|
|
Batting: RHB Joel Vazquez
|
0-0: Called Strike 0-1: Called Strike 0-2: Ball 1-2: Ball 2-2: Strikes out swinging
|
|
Batting: RHB Ted Emmerich
|
0-0: Ball 1-0: Called Strike 1-1: Called Strike 1-2: Foul Ball, location: 2F 1-2: Ground out 6-3 (Groundball, 6, EV 100.6 MPH)
|
|
Batting: RHB Rogelio Cervantes
|
0-0: Called Strike 0-1: Ball 1-1: Called Strike 1-2: Ball 2-2: Foul Ball, location: 2F 2-2: Strikes out swinging
|
| Top of the 5th over - 1 run, 1 hit, 0 errors, 0 left on base; Greenville 5 - Bowling Green 0 |
| BOTTOM OF THE 5TH |
|
Bowling Green Hot Rods batting - Pitching for Greenville Drive : LHP Chris Deans
|
|
Batting: RHB Eric Waugaman
|
0-0: Ball 1-0: Fly out, F8 (Flyball, 8RM, EV 83.8 MPH)
|
|
Batting: LHB Harris Vink
|
0-0: Hit by Pitch
|
|
Batting: RHB Dusty Camelli
|
Pickoff Throw to First - Error! E1 Harris Vink to second 0-0: Ground out 1-3 (Groundball, 13, EV 68.1 MPH) Harris Vink to third
|
|
Pitching: LHP Kentaro Shimasaki
|
|
|
Batting: LHB Jeremy Burton
|
0-0: Ball 1-0: Swinging Strike 1-1: Ball Steal of home, Harris Vink is out
|
| Bottom of the 5th over - 0 runs, 0 hits, 1 error, 0 left on base; Greenville 5 - Bowling Green 0 |
| TOP OF THE 6TH |
|
Greenville Drive batting - Pitching for Bowling Green Hot Rods : RHP Kingo Tsutsumi
|
|
Batting: LHB Stanislav Parusov
|
0-0: Called Strike 0-1: Called Strike 0-2: Ball 1-2: Ball 2-2: Ball 3-2: Fly out, F9 (Line Drive, 89S, EV 93.8 MPH)
|
|
Batting: RHB Larry Brocato
|
0-0: Called Strike 0-1: Swinging Strike 0-2: Foul Ball, location: 2F 0-2: Ground out 6-3 (Groundball, 6, EV 103.1 MPH)
|
|
Batting: SHB Carter Cromsie
|
0-0: Ball 1-0: Called Strike 1-1: Swinging Strike 1-2: Ball 2-2: Foul Ball, location: 2F 2-2: Strikes out swinging
|
| Top of the 6th over - 0 runs, 0 hits, 0 errors, 0 left on base; Greenville 5 - Bowling Green 0 |
| BOTTOM OF THE 6TH |
|
Bowling Green Hot Rods batting - Pitching for Greenville Drive : LHP Kentaro Shimasaki
|
|
Batting: LHB Jeremy Burton
|
0-0: Ball 1-0: Ball 2-0: Called Strike 2-1: Ball 3-1: Swinging Strike 3-2: Foul Ball, location: 2F 3-2: Reached via error on a dropped throw from 2B, E3 (Groundball, 4, EV 106.9 MPH)
|
|
Batting: RHB James Huddleston
|
0-0: Ball 1-0: Ball 2-0: Called Strike 2-1: Ball 3-1: Foul Ball, location: 2F 3-2: Foul Ball, location: 2F 3-2: Foul Ball, location: 2F 3-2: Foul Ball, location: 2F 3-2: Strikes out swinging
|
|
Batting: RHB Jose Arriola
|
0-0: Foul Ball, location: 2F 0-1: Swinging Strike 0-2: Strikes out swinging
|
|
Batting: RHB Adam Kaeser
|
0-0: Ball 1-0: Fielders Choice at 2nd, 6-4 (Groundball, 56, EV 80.0 MPH)
|
| Bottom of the 6th over - 0 runs, 0 hits, 1 error, 1 left on base; Greenville 5 - Bowling Green 0 |
| TOP OF THE 7TH |
|
Greenville Drive batting - Pitching for Bowling Green Hot Rods : RHP Kingo Tsutsumi
|
|
Batting: LHB Nelis Geurts
|
0-0: Foul Ball, location: 2F 0-1: Swinging Strike 0-2: Ball 1-2: Ground out U3 (Groundball, 3, EV 84.4 MPH)
|
|
Batting: RHB David Norum
|
0-0: Ball 1-0: Ball 2-0: Called Strike 2-1: Ball 3-1: Foul Ball, location: 2F 3-2: Foul Ball, location: 2F 3-2: Strikes out swinging
|
|
Batting: SHB Greg Shaw
|
0-0: Ball 1-0: Called Strike 1-1: Ground out 1-3 (Groundball, P, EV 66.2 MPH)
|
| Top of the 7th over - 0 runs, 0 hits, 0 errors, 0 left on base; Greenville 5 - Bowling Green 0 |
| BOTTOM OF THE 7TH |
|
Bowling Green Hot Rods batting - Pitching for Greenville Drive : LHP Kentaro Shimasaki
|
|
Batting: RHB Chris Thorson
|
0-0: Foul Ball, location: 2F 0-1: Called Strike 0-2: Ball 1-2: Ground out 4-3 (Groundball, 4, EV 109.4 MPH)
|
|
Batting: LHB Darryl Gonnella
|
0-0: Swinging Strike 0-1: Ball 1-1: Ball 2-1: Foul Ball, location: 2F 2-2: Ball 3-2: DOUBLE (Line Drive, 9LS, EV 100.0 MPH)
|
|
Batting: RHB Eric Waugaman
|
0-0: Called Strike 0-1: Fly out, F3 (Line Drive, 3, EV 66.9 MPH)
|
|
Batting: LHB Harris Vink
|
0-0: Ball 1-0: Called Strike 1-1: Ball 2-1: Ball 3-1: Swinging Strike 3-2: Foul Ball, location: 2F 3-2: Strikes out swinging
|
| Bottom of the 7th over - 0 runs, 1 hit, 0 errors, 1 left on base; Greenville 5 - Bowling Green 0 |
| TOP OF THE 8TH |
|
Greenville Drive batting - Pitching for Bowling Green Hot Rods : RHP Kingo Tsutsumi
|
|
Batting: RHB Joel Vazquez
|
0-0: Ball 1-0: Ground out 6-3 (Groundball, 6, EV 83.8 MPH)
|
|
Pitching: RHP Pablo Maravilla
|
|
|
Batting: RHB Ted Emmerich
|
0-0: Ball 1-0: Swinging Strike 1-1: Fly out, F8 (Flyball, 8LS, EV 95.0 MPH)
|
|
Batting: RHB Rogelio Cervantes
|
0-0: Foul Ball, location: 2F 0-1: Ball 1-1: Swinging Strike 1-2: Foul Ball, location: 2F 1-2: Strikes out swinging
|
| Top of the 8th over - 0 runs, 0 hits, 0 errors, 0 left on base; Greenville 5 - Bowling Green 0 |
| BOTTOM OF THE 8TH |
|
Bowling Green Hot Rods batting - Pitching for Greenville Drive : LHP Kentaro Shimasaki
|
|
Batting: RHB Dusty Camelli
|
0-0: Called Strike 0-1: Ball 1-1: Ball 2-1: Swinging Strike 2-2: Strikes out swinging
|
|
Pinch Hitting: RHB Dan Marks
|
0-0: Ball 1-0: SINGLE (Groundball, 56, EV 107.5 MPH)
|
|
Pitching: RHP Gabe Torres
|
|
|
Batting: RHB James Huddleston
|
0-0: Fly out, F8 (Flyball, 89XD, EV 90.6 MPH)
|
|
Batting: RHB Jose Arriola
|
0-0: Ball 1-0: Ball 2-0: Ball 3-0: Called Strike 3-1: Called Strike 3-2: Foul Ball, location: 2F 3-2: Base on Balls Dan Marks to second
|
|
Batting: RHB Adam Kaeser
|
0-0: Called Strike 0-1: Foul Ball, location: 2F 0-2: Ball 1-2: Fly out, F7 (Flyball, 7LM, EV 95.6 MPH)
|
| Bottom of the 8th over - 0 runs, 1 hit, 0 errors, 2 left on base; Greenville 5 - Bowling Green 0 |
| TOP OF THE 9TH |
|
Greenville Drive batting - Pitching for Bowling Green Hot Rods : RHP Pablo Maravilla
|
|
Pitching: RHP Cody Wilharm
|
|
|
Now in LF: Dan Marks
|
|
|
Now in CF: Darryl Gonnella
|
|
|
Batting: LHB Stanislav Parusov
|
0-0: Called Strike 0-1: Foul Ball, location: 2F 0-2: Foul Ball, location: 2F 0-2: Ball 1-2: Ball 2-2: SINGLE (Groundball, 4D, EV 93.8 MPH)
|
|
Batting: RHB Larry Brocato
|
0-0: SINGLE (Line Drive, 34D, EV 97.5 MPH) Stanislav Parusov to second Runner from 2nd tries for 3rd, SAFE, throw by RF made to third
|
|
Batting: SHB Carter Cromsie
|
0-0: Called Strike Larry Brocato steals 2nd base (no throw) 0-1: Ball 1-1: Fly out, F7 (Flyball, 7LM, EV 88.8 MPH)
|
|
Batting: LHB Nelis Geurts
|
0-0: Ball 1-0: Ground out 5-3 (Groundball, 5, EV 104.4 MPH)
|
|
Batting: RHB David Norum
|
0-0: Called Strike 0-1: Ball 1-1: Ball 2-1: Called Strike 2-2: Foul Ball, location: 2F 2-2: Foul Ball, location: 2F 2-2: Foul Ball, location: 2F 2-2: Strikes out looking
|
| Top of the 9th over - 0 runs, 2 hits, 0 errors, 2 left on base; Greenville 5 - Bowling Green 0 |
| BOTTOM OF THE 9TH |
|
Bowling Green Hot Rods batting - Pitching for Greenville Drive : RHP Gabe Torres
|
|
Batting: RHB Chris Thorson
|
0-0: Called Strike 0-1: Ball 1-1: Foul Ball, location: 2F 1-2: Fly out, F8 (Line Drive, 78D, EV 91.9 MPH)
|
|
Batting: LHB Darryl Gonnella
|
0-0: Foul Ball, location: 2F 0-1: Called Strike 0-2: Strikes out swinging
|
|
Batting: RHB Eric Waugaman
|
0-0: Swinging Strike 0-1: Swinging Strike 0-2: Ball 1-2: Strikes out looking
|
| Bottom of the 9th over - 0 runs, 0 hits, 0 errors, 0 left on base; Greenville 5 - Bowling Green 0 |
|